 Dungeon Crawl Stone Soup version 0.18.1-5-g4a78601 (webtiles) character file.

5469 M4edhros the Transmogrifier (level 10, -4/65 HPs)
             Began as an Octopode Necromancer on May 11, 2016.
             Was an Elder of Cheibriados.
             Killed by nerve-wracking pain
             ... invoked by an orc priest
              (13 damage)
             ... on level 11 of the Dungeon.
             The game lasted 00:33:29 (4397 turns).

M4edhros the Transmogrifier (Octopode Necromancer)  Turns: 4397, Time: 00:33:30

Health: -4/65      AC:  6    Str: 18    XL:     10   Next: 69%
Magic:  5/14       EV: 19    Int: 27    God:    Cheibriados [****..]
Gold:   301        SH:  0    Dex: 26    Spells: 6 memorised, 0 levels left

rFire  + . .     SeeInvis .       - Unarmed
rCold  + + .     Gourm    .     (shield currently unavailable)
rNeg   . . .     Faith    .     (helmet restricted)
rPois  .         Spirit   .     f - amulet of rage
rElec  .         Dismiss  .     i - +4 ring of protection
rCorr  .         Reflect  .     e - ring of protection from cold
SustAt .         Harm     .     (no ring)
MR     .....     Rnd*Rage +     (no ring)
Stlth  ++++......               (no ring)
                                (no ring)
                                (no ring)
                                (no ring)

@: blade tentacles, very slow, not resistant to hostile enchantments, stealthy
A: almost no armour, amphibious, 8 rings, constrict 8, fangs 1, camouflage 1,
berserk 1, cold resistance 1, fire resistance 1, screaming 1, shaggy fur 1,
gelatinous body 1
a: End Transformation, Bend Time, Temporal Distortion, Slouch, Renounce
Religion, Evoke Berserk Rage


You were on level 11 of the Dungeon.
You worshipped Cheibriados.
Cheibriados was greatly pleased with you.
You were not hungry.
You had blades for tentacles.
You visited 2 branches of the dungeon, and saw 12 of its levels.
You also visited: Sewer and Ossuary.

You collected 301 gold pieces.

Inventory:

Hand Weapons
 l - a +0 mace of protection (melded)
 v - a +2 dagger of electrocution
Missiles
 o - 10 arrows
 u - 3 poisoned javelins (quivered)
Armour
 d - a +1 buckler
Jewellery
 e - a ring of protection from cold (right scythe-like blade)
 f - an amulet of rage (around mantle)
 i - a +4 ring of protection (left scythe-like blade)
Wands
 j - a wand of slowing (20/48)
 t - a wand of flame (20/48)
 w - a wand of slowing (24/48)
 x - a wand of flame (10/48)
 A - a wand of paralysis (0/24)
Scrolls
 g - a scroll of noise
 n - a scroll of random uselessness
 y - a scroll of enchant armour
 z - 2 scrolls of magic mapping
 C - 2 scrolls of remove curse
 D - a scroll of identify
Potions
 h - 2 potions of brilliance {unknown}
 p - 2 potions of flight
 B - a potion of degeneration {unknown}
Books
 a - a book of Necromancy

   Spells                             Type                      Level
   a - Pain                           Necromancy                   1
   b - Animate Skeleton               Necromancy                   1
   c - Vampiric Draining              Necromancy                   3
   d - Regeneration                   Charms/Necromancy            3
   e - Animate Dead                   Necromancy                   4
   f - Control Undead                 Necromancy                   4
 s - a book of Changes

   Spells                             Type                      Level
   a - Beastly Appendage              Transmutation                1
   b - Sticks to Snakes               Transmutation                2
   c - Spider Form                    Transmutation/Poison         3
   d - Ice Form                       Ice/Transmutation            4
   e - Blade Hands                    Transmutation                5
 F - a book of Frost

   Spells                             Type                      Level
   a - Freeze                         Ice                          1
   b - Throw Frost                    Conjuration/Ice              2
   c - Ozocubu's Armour               Charms/Ice                   3
   d - Throw Icicle                   Conjuration/Ice              4
   e - Summon Ice Beast               Ice/Summoning                4
 G - a book of Power

   Spells                             Type                      Level
   a - Fulminant Prism                Conjuration/Hexes            4
   b - Iskenderun's Mystic Blast      Conjuration                  4
   c - Venom Bolt                     Conjuration/Poison           5
   d - Bolt of Magma                  Conjuration/Fire/Earth       5
   e - Iron Shot                      Conjuration/Earth            6
   f - Orb of Destruction             Conjuration                  7
   g - Spellforged Servitor           Conjuration/Summoning        7
Comestibles
 b - 3 bread rations
 c - 2 beef jerkies


   Skills:
 - Level 4.6 Fighting
 + Level 6.8 Dodging
 - Level 2.6 Stealth
 + Level 7.8 Unarmed Combat
 - Level 3.2 Spellcasting
 - Level 4.0 Necromancy
 * Level 8.9 Transmutations
 * Level 4.1 Invocations
 - Level 3.3 Evocations


You couldn't memorise any spells.
You knew the following spells:

 Your Spells              Type           Power        Failure   Level  Hunger
a - Pain                  Necr           ####         21%         1    None
b - Animate Skeleton      Necr           N/A          21%         1    None
c - Vampiric Draining     Necr           ####......   36%         3    ###....
d - Sticks to Snakes      Trmt           ######..     12%         2    #......
e - Blade Hands           Trmt           ######....   41%         5    ######.
r - Regeneration          Chrm/Necr      ###.......   54%         3    ###....


Dungeon Overview and Level Annotations

Branches:
Dungeon (11/15)            Temple (1/1) D:6            Lair (0/8) D:11
    Orc: D:9-12

Altars:
Ashenzari
Cheibriados
Fedhas
Makhleb
Nemelex Xobeh
Okawaru
Pakellas
Qazlal
Sif Muna
Trog
Vehumet
Yredelemnul
The Shining One

Shops:
D:7 [

Annotations:
D:3 3 exclusions
D:7 BenSoosneb's ghost, novice SpEn


Innate Abilities, Weirdness & Mutations

You cannot wear most types of armour.
You are amphibious.
You can wear up to eight rings at the same time.
You can use your tentacles to constrict eight enemies at once.
Your skin changes colour to match your surroundings (Stealth).
Your rubbery body absorbs attacks (AC +1).
You have very sharp teeth.
You tend to lose your temper in combat.
Your flesh is cold resistant.
Your flesh is heat resistant.
You occasionally shout uncontrollably at your foes.
You are covered in fur (AC +1).


Message History

You constrict the orc warrior, but do no damage.
The orc misses you.
You hit the orc warrior.
You kill the orc warrior!
Cheibriados thoroughly appreciates the change of pace.
Your Invocations skill increases to level 4!
You slash the warg! You bite the warg, but do no damage.
You squeeze the warg, but do no damage.
The warg is heavily wounded.
The warg misses you.
You slash the warg! x2
You kill the warg!
Cheibriados thoroughly appreciates the change of pace.
The orc closely misses you.
You hit the orc priest. Your grab misses the orc priest.
You squeeze the orc priest.
The orc priest is severely wounded.
The orc priest mumbles some strange prayers to Beogh against you.
Pain shoots through your body!
You die...

.....>. .+
......o .#
....oF. .#
#..... .# #..P.o
.# #.... .+
#...###†# #
#..oo@..#
#.#....o..#
#.####'##.#
####.......###.#
...............#
.......<.......#
...............#
##########.....#
######


You could see an orc priest and 2 orcs.

Vanquished Creatures
  A hill giant (D:10)
  Grinder (D:6)
  Sigmund (D:3)
  2 wyverns
  2 wargs (D:11)
  4 orc warriors
  2 ice beasts
  2 sky beasts
  An ogre (D:8)
  2 necrophages
  A centaur (D:8)
  2 elf zombies (Ossuary)
  A big kobold (Sewer)
  4 giant frogs
  2 scorpions
  6 killer bees (D:10)
  3 wights (D:9)
  7 howler monkeys
  5 crimson imps
  A giant frog zombie (D:10)
  2 hounds
  A quasit (D:10)
  2 centaur zombies
  6 orc priests
  2 giant frog skeletons
  2 jellies
  5 orc wizards
  Terence (D:2)
  5 worker ants
  Natasha (thrice) (D:3)
  A hound skeleton (D:4)
  2 mummies (Ossuary)
  2 river rats (Sewer)
  7 adders
  2 shadow imps
  An ooze (D:1)
  2 adder zombies
  An adder skeleton (D:8)
  4 worms
  3 giant geckos
  24 orcs
  5 ball pythons
  5 giant cockroaches
  8 goblins
  3 hobgoblins
  10 jackals
  2 quokkas
  A bat (D:1)
  A giant gecko skeleton (D:6)
  A giant newt (D:3)
  4 goblin zombies
  9 hobgoblin zombies (Ossuary)
  A jackal skeleton (D:6)
  A jackal zombie (Ossuary)
  3 kobolds
  12 kobold zombies (Ossuary)
  5 orc zombies (Ossuary)
  A quokka zombie (D:8)
  11 rats
  3 rat zombies (Ossuary)
214 creatures vanquished.

Vanquished Creatures (collateral kills)
  A hill giant (D:10)
  A hungry ghost (D:10)
  2 ogres (D:8)
  2 killer bees (D:10)
  A wight (D:9)
  A hound zombie (D:6)
  An adder (D:8)
  A giant gecko (D:8)
  3 orcs (D:6)
  A giant cockroach (D:2)
  A hobgoblin (D:2)
  A quokka (D:8)
  A giant gecko skeleton (D:8)
  A giant newt (D:3)
18 creatures vanquished.

Grand Total: 232 creatures vanquished

Notes
Turn   | Place    | Note
--------------------------------------------------------------
     0 | D:1      | M4edhros the Octopode Necromancer began the quest for the Orb.
     0 | D:1      | Reached XP level 1. HP: 11/11 MP: 3/3
    32 | D:1      | Reached skill level 1 in Unarmed Combat
    35 | D:1      | Learned a level 1 spell: Animate Skeleton
   131 | D:1      | Reached XP level 2. HP: 15/17 MP: 3/5
   220 | D:2      | Found an iron altar of Okawaru.
   222 | D:2      | Noticed Terence
   369 | D:1      | Reached XP level 3. HP: 8/21 MP: 4/6
   374 | D:1      | Learned a level 3 spell: Vampiric Draining
   409 | D:1      | HP: 1/31 [hobgoblin/club (3)]
   582 | D:2      | Found a basalt altar of Yredelemnul.
   600 | D:2      | Found a radiant altar of Vehumet.
   635 | D:2      | HP: 1/31 [adder (2)]
   803 | D:2      | Killed Terence
   803 | D:2      | Reached XP level 4. HP: 16/27 MP: 8/8
   830 | D:2      | Learned a level 3 spell: Regeneration
   891 | D:3      | Noticed Natasha
   891 | D:3      | Noticed Sigmund
   914 | D:3      | Killed Natasha
   955 | D:3      | Noticed Natasha
   959 | D:3      | Killed Natasha
   959 | D:3      | Reached skill level 1 in Fighting
   959 | D:3      | Reached XP level 5. HP: 23/33 MP: 1/9
  1041 | D:3      | Killed Sigmund
  1041 | D:3      | Reached XP level 6. HP: 40/40 MP: 10/10
  1097 | D:3      | Noticed Natasha
  1111 | D:3      | Killed Natasha
  1349 | D:3      | Found a glowing drain.
  1389 | Sewer    | Entered a sewer
  1458 | Sewer    | Reached XP level 7. HP: 44/46 MP: 11/11
  1470 | Sewer    | Found a white marble altar of Elyvilon.
  1634 | D:4      | Found an oddly glowing altar of Pakellas.
  1717 | D:5      | Entered Level 5 of the Dungeon
  1731 | D:5      | Learned a level 2 spell: Sticks to Snakes
  1829 | D:5      | Reached skill level 1 in Transmutations
  1961 | D:6      | Noticed Grinder
  1969 | D:6      | Killed Grinder
  1969 | D:6      | Reached skill level 2 in Transmutations
  2246 | D:6      | Reached XP level 8. HP: 53/54 MP: 8/12
  2294 | D:6      | Reached skill level 3 in Transmutations
  2321 | D:6      | Found a staircase to the Ecumenical Temple.
  2331 | Temple   | Entered the Ecumenical Temple
  2339 | Temple   | Became a worshipper of Cheibriados the Contemplative
  2478 | D:6      | Reached skill level 5 in Unarmed Combat
  2699 | D:7      | Found Vuoczing's Armour Shop.
  2731 | D:7      | Noticed BenSoosneb's ghost (novice SpEn)
  2739 | D:7      | Found a bloodstained altar of Trog.
  2835 | D:7      | Reached * piety under Cheibriados
  2835 | D:7      | Reached skill level 4 in Transmutations
  2844 | D:7      | Found a deep blue altar of Sif Muna.
  2878 | D:7      | Reached skill level 5 in Dodging
  2896 | D:7      | You fall through a shaft!
  2942 | D:8      | Reached skill level 1 in Evocations
  2993 | D:8      | Found a sand-covered staircase.
  3008 | Ossuary  | Entered an ossuary
  3073 | Ossuary  | Reached skill level 5 in Transmutations
  3077 | Ossuary  | Reached ** piety under Cheibriados
  3102 | Ossuary  | Reached XP level 9. HP: 24/59 MP: 3/13
  3520 | D:9      | Reached skill level 6 in Transmutations
  3654 | D:8      | Reached *** piety under Cheibriados
  3726 | D:8      | Found a stormy altar of Qazlal.
  3727 | D:8      | Found an iron altar of Okawaru.
  3837 | D:8      | Reached skill level 7 in Transmutations
  4019 | D:10     | Entered Level 10 of the Dungeon
  4028 | D:10     | Reached **** piety under Cheibriados
  4035 | D:10     | Reached XP level 10. HP: 64/64 MP: 14/14
  4039 | D:10     | Gained mutation: You are covered in fur (AC +1). [mutagenic meat]
  4040 | D:10     | Gained mutation: You tend to lose your temper in combat. [mutagenic meat]
  4041 | D:10     | Gained mutation: Your flesh is heat resistant. [mutagenic meat]
  4042 | D:10     | Gained mutation: You have very sharp teeth. [mutagenic meat]
  4043 | D:10     | Gained mutation: You occasionally shout uncontrollably at your foes. [mutagenic meat]
  4044 | D:10     | Gained mutation: Your flesh is cold resistant. [mutagenic meat]
  4077 | D:10     | Reached skill level 8 in Transmutations
  4113 | D:10     | Learned a level 5 spell: Blade Hands
  4146 | D:10     | Noticed a hill giant
  4157 | D:10     | Killed a hill giant
  4157 | D:10     | Reached skill level 1 in Invocations
  4252 | D:10     | Noticed a hill giant
  4261 | D:10     | Killed a hill giant
  4371 | D:11     | Found a staircase to the Lair.
  4397 | D:11     | Killed from afar by an orc priest

Skill      XL: |  1  2  3  4  5  6  7  8  9 10 |
---------------+-------------------------------+-----
Unarmed Combat | 1 2 3 4 5 7 |  7.8
Spellcasting   | 3 |  3.2
Fighting       | 1 2 3 4 |  4.6
Dodging        | 3 4 5 6 |  6.8
Transmutations | 2 5 7 8 |  8.9
Evocations     | 2 3 |  3.3
Invocations    | 4 |  4.1
Stealth        | |  2.6
Necromancy     | |  4.0

Action                   |  1- 3 |  4- 6 |  7- 9 | 10-12 || total
-------------------------+-------+-------+-------+-------++-------
Melee: Unarmed           |    40 |       |       |    43 ||    83
       Constrict         |    13 |    25 |    99 |    17 ||   154
       Tentacles         |     7 |    12 |   108 |    22 ||   149
       Mace              |       |    99 |   383 |    28 ||   510
       Punch             |       |    10 |    26 |     6 ||    42
       Bite              |       |       |       |    14 ||    14
 Cast: Pain              |    22 |       |     2 |       ||    24
       Animate Skeleton  |     4 |     2 |    19 |       ||    25
       Vampiric Draining |     2 |       |       |       ||     2
       Regeneration      |       |     5 |    28 |     9 ||    42
       Sticks to Snakes  |       |       |     1 |     3 ||     4
       Blade Hands       |       |       |       |     4 ||     4
Invok: Temporal Distorti |       |       |       |     2 ||     2
 Abil: Evoke Berserk Rag |     3 |       |       |       ||     3
Evoke: Wand              |       |       |    24 |       ||    24
  Use: Scroll            |     3 |     2 |    15 |     3 ||    23
       Potion            |     1 |     5 |     5 |     4 ||    15
 Stab: Sleeping          |     2 |     5 |    13 |     1 ||    21
       Paralysed         |       |       |    23 |       ||    23
       Distracted        |       |       |     1 |       ||     1
  Eat: Chunk             |     2 |     3 |    13 |     7 ||    25
       Meat ration       |       |       |       |     1 ||     1
       Fruit             |       |       |       |     1 ||     1
Armor: Skin              |     5 |    40 |   159 |    30 ||   234
Dodge: Dodged            |    22 |    78 |   425 |   113 ||   638
